 Dungeon Crawl Stone Soup version 0.31-a0-240-gb923e448b6 (webtiles) character file.

Game seed: 6111600451540863069

72 qw the Shooter (level 4, -2/26 HPs)
             Began as a Gargoyle Hexslinger on July 12, 2023.
             Killed by nerve-wracking pain
             ... invoked by an orc priest
              (5 damage)
             ... on level 3 of the Dungeon.
             The game lasted 00:00:43 (1484 turns).

qw the Shooter (Gargoyle Hexslinger)                Turns: 1484, Time: 00:00:44

Health: -2/26      AC:  8    Str: 12    XL:     4   Next: 26%
Magic:  5/5        EV: 11    Int: 13    God:
Gold:   95         SH:  0    Dex: 14    Spells: 4/5 levels left

rFire   . . .        Y - +1 sling
rCold   . . .        (no shield)
rNeg    + . .        j - +0 leather armour
rPois   inf          b - +2 hat
rElec   +            (no cloak)
rCorr   .            (no gloves)
SInv    .            (no boots)
Will    .....        (no amulet)
Stlth   +            (no ring)
HPRegen 0.24/turn    (no ring)
MPRegen 0.09/turn

%: no passive effects
@: no status effects
A: sickness immunity, AC +3, negative energy resistance 1, electricity
resistance, torment resistance 1, petrification resistance
a: no special abilities


You were on level 3 of the Dungeon.
You visited 1 branch of the dungeon, and saw 3 of its levels.

You collected 95 gold pieces.


Innate Abilities, Weirdness & Mutations

You are immune to sickness and miasma.
Your stone body is resilient. (AC +3)
You are immune to poison.
You resist negative energy. (rN+)
You are resistant to electric shocks. (rElec)
You are resistant to unholy torment.
You are immune to petrification.


   Skills:
 - Level 2.0 Fighting
 + Level 4.1 Ranged Weapons
 - Level 1.5 Dodging
 - Level 1.0 Spellcasting
 - Level 2.6 Hexes


You had 4 spell levels left.
You knew the following spells:

 Your Spells              Type           Power      Damage    Failure   Level
a - Slow                  Hex            28%        N/A       12%         1

Your spell library contained the following spells:

 Spells                   Type           Power      Damage    Failure   Level
 Inner Flame              Hex/Fire       4%         N/A       52%         3
 Portal Projectile        Hex/Tloc       8%         N/A       52%         3
 Cause Fear               Hex            3%         N/A       75%         4

Inventory:

Hand Weapons
 Y - a +1 sling (weapon)
Armour
 b - a +2 hat (worn)
 j - a +0 leather armour (worn)
Jewellery
 f - a ring of ice
Scrolls
 a - a scroll of butterflies {unknown}
 k - 2 scrolls of identify
Potions
 d - a potion of might
 g - a potion of ambrosia {unknown}
 h - 2 potions of heal wounds {unknown}
 i - a potion of resistance {unknown}

Dungeon Overview and Level Annotations

Branches:
Dungeon (3/15)

Altars:
Ashenzari
Elyvilon

Shops:
D:2 (


Message History

The sling bullet closely misses the orc priest.
The sling bullet hits the orc.
The orc is heavily wounded.
A rat comes into view.
You shoot a sling bullet.
The sling bullet completely misses the orc priest.
The sling bullet barely misses the orc.
The orc priest begins to cast a cantrip, but forgets the words!
You shoot a sling bullet. The sling bullet hits the orc priest.
The orc priest is severely wounded.
The orc priest hits you but does no damage.
The orc priest misses you.
You shoot a sling bullet. The sling bullet hits the orc priest.
The orc priest is almost dead.
The orc wizard mumbles some strange words.
The orc wizard flickers and vanishes!
Deactivating autopickup; reactivate with Ctrl-A.
You shoot a sling bullet. The sling bullet hits the orc.
The orc is heavily wounded.
The orc priest looks braver for a moment.
You shoot a sling bullet. The sling bullet barely misses the orc.
The sling bullet hits the rat.
The rat is severely wounded.
The orc priest invokes the aid of Beogh against you.
Beogh smites you!
You shoot a sling bullet.
The sling bullet hits the rat but does no damage.
The rat is severely wounded.
The orc closely misses you. The rat barely misses you.
The orc priest mumbles some strange prayers to Beogh against you.
Beogh smites you!
Ouch! That really hurt!
Something hits you but does no damage. The rat misses you.
The orc hits you but does no damage.
You shoot a sling bullet. The sling bullet hits the rat!
You kill the rat!
The orc barely misses you.
The orc priest invokes the aid of Beogh against you.
Pain shoots through your body!
You die...

#.#.# #.# #.#
#.#.#.# #.#..
..# #.#.#.####
..### ###
#.#.#.....
#.#.#..###
#########.#.#..#
#..............#
#.#######.....##
#.## ###.######
#@.# #.###...
.....o%o.#
#.....##
#.#.#.#..#
#####.# ......#
#.# ..} ...# #.#
._.......# #.#
.).. ...## ..[
........# ...
##.


You could see an orc priest and an orc.

Vanquished Creatures
  5 dart slugs
  An orc (D:3)
  6 endoplasms
  A giant cockroach (D:1)
  2 goblins (D:1)
  5 hobgoblins (D:1)
  12 jackals
  2 quokkas (D:1)
  3 ball pythons (D:1)
  6 bats
  3 frilled lizards (D:1)
  6 kobolds
  4 rats
56 creatures vanquished.

Notes
Turn   | Place    | Note
-------+----------+-------------------------------------------
     0 | D:1      | qw the Gargoyle Hexslinger began the quest for the Orb.
     0 | D:1      | Reached XP level 1. HP: 12/12 MP: 2/2
     0 | D:1      | 0 ||| qw: Version: 0.3-a-52-g30416fa
     0 | D:1      | 0 ||| qw: Game counter: 6166
     0 | D:1      | 0 ||| qw: Melee chars always use a shield: true
     0 | D:1      | 0 ||| qw: God list: Okawaru
     0 | D:1      | 0 ||| qw: Allow faded altars: false
     0 | D:1      | 0 ||| qw: Do Orc after clearing Dungeon:15 true
     0 | D:1      | 0 ||| qw: Do second Lair branch before Depths: true
     0 | D:1      | 0 ||| qw: Lair rune preference: random
     0 | D:1      | 0 ||| qw: Goals: Normal
     0 | D:1      | 0 ||| PLANNING D:1-11
    24 | D:1      | Reached XP level 2. HP: 16/16 MP: 3/3
   139 | D:1      | Reached skill level 3 in Ranged Weapons
   284 | D:1      | Reached XP level 3. HP: 21/21 MP: 4/4
   689 | D:1      | 689 ||| READING scroll labelled VUNKEO REAT.
   690 | D:1      | 690 ||| READING scroll labelled RYAROA KICITY.
   691 | D:1      | 691 ||| DROPPING scroll of poison.
   863 | D:2      | Found Sulebisk's Antique Weapon Shop.
   866 | D:2      | Reached XP level 4. HP: 26/26 MP: 5/5
   890 | D:2      | Found a broken altar of Ashenzari.
  1259 | D:2      | 1259 ||| UPGRADING to +2 hat.
  1264 | D:2      | 1264 ||| UPGRADING to +0 leather armour.
  1274 | D:2      | 1274 ||| DROPPING +0 robe.
  1275 | D:2      | 1275 ||| READING scroll labelled LEACZIYF MEAK.
  1279 | D:2      | 1279 ||| READING scroll labelled PUXKIL ZIER.
  1280 | D:2      | 1280 ||| DRINKING 2 bubbling red potions.
  1295 | D:3      | 1295 ||| PLANNING SEWER
  1306 | D:3      | Reached skill level 4 in Ranged Weapons
  1472 | D:3      | Found a white marble altar of Elyvilon.
  1483 | D:3      | HP: 3/26 [orc priest/divine providence (13)]
  1484 | D:3      | Killed from afar by an orc priest

Levels and vault maps discovered:
D:1:      dpeg_arrival_pits, layout_loops_cross
D:2:      layout_loops_ring, serial_shops, shop, basic_altar
D:3:      layout_loops_ring, elyvilon_altar_5, gup_sewer_entry_bowl,
          nicolae_elevator_lobby_asterisk

Skill      XL: |  1  2  3  4 |
---------------+-------------+-----
Ranged Weapons | 3 4 |  4.1
Fighting       | 2 |  2.0
Dodging        | |  1.5
Spellcasting   | |  1.0
Hexes          | |  2.6

Action                     |  1- 3 |  4- 6 || total
---------------------------+-------+-------++-------
   Fire: Sling             |   149 |    43 ||   192
    Use: Scroll            |     2 |     2 ||     4
         Potion            |       |     1 ||     1
 Armour: Robe              |    46 |       ||    46
         Leather armour    |       |    13 ||    13
  Dodge: Dodged            |    82 |    19 ||   101

Table legend:
 A = Non-vault XP
 B = Vault XP
 C = Vault XP percentage of total XP
 D = Non-vault monster count
 E = Vault monster count
 F = Vault count percentage of total count
                 A         B        C        D         E       F
            +---------+---------+-------+---------+---------+-------
      Total |     105 |       0 |   0.0 |      56 |       0 |   0.0
            +---------+---------+-------+---------+---------+-------
        D:1 |      65 |       0 |   0.0 |      35 |       0 |   0.0
        D:2 |      24 |       0 |   0.0 |      12 |       0 |   0.0
        D:3 |      16 |       0 |   0.0 |       9 |       0 |   0.0
            +---------+---------+-------+---------+---------+-------
